 Dungeon Crawl Stone Soup version 0.31.0-11-ge490571c62 (webtiles) character file.

Game seed: 2316115587945818472

1282 raph the Firebug (level 8, 0/41 HPs)
             Began as a Deep Elf Fire Elementalist on Feb 1, 2024.
             Was a Follower of Sif Muna.
             Slain by a bullfrog (6 damage)
             ... on level 5 of the Dungeon.
             The game lasted 00:07:26 (5753 turns).

raph the Firebug (Deep Elf Fire Elementalist)       Turns: 5753, Time: 00:07:27

Health: 0/41       AC:  5    Str:  5    XL:     8   Next: 29%
Magic:  7/19       EV: 11    Int: 27    God:    Sif Muna [*.....]
Gold:   388        SH:  0    Dex: 15    Spells: 1/20 levels left

rFire   + . .        t - +1 long sword (venom)
rCold   . . .        (no shield)
rNeg    . . .        f - +0 leather armour of Dawn {^Drain Int+4 Slay+2}
rPois   .            w - +0 helmet
rElec   .            h - +0 cloak
rCorr   .            (no gloves)
SInv    .            (no boots)
Will    .....        (no amulet)
Stlth   ++           i - ring of protection from fire
HPRegen 0.26/turn    (no ring)
MPRegen 0.16/turn

%: no passive effects
@: no status effects
A: no striking features
a: Renounce Religion, Channel Magic


You were on level 5 of the Dungeon.
You worshipped Sif Muna.
Sif Muna was aware of your devotion.
You visited 2 branches of the dungeon, and saw 7 of its levels.

You collected 388 gold pieces.

Inventory:

Hand Weapons
 c - a +0 dagger
 g - a +0 vampiric rapier
 t - a +1 long sword of venom (weapon)
Armour
 f - the +0 leather armour of Dawn (worn) {^Drain Int+4 Slay+2}
   (You found it on level 2 of the Dungeon)

   Int+4:     It affects your intelligence (+4).
   Slay+2:    It affects your accuracy & damage with ranged weapons and melee
   (+2).
   ^Drain:    It drains your maximum health when unequipped.
 h - a +0 cloak (worn)
 p - a +1 leather armour of fire resistance
 w - a +0 helmet (worn)
Jewellery
 i - a ring of protection from fire (left hand)
Scrolls
 j - a scroll of vulnerability
 m - a scroll of noise
 u - a scroll of torment
Potions
 b - a potion of magic
 d - a potion of brilliance {unknown}
 e - a potion of enlightenment
 k - 2 potions of resistance
 r - 3 potions of cancellation
 v - a potion of curing {unknown}
 x - a potion of berserk rage {unknown}


   Skills:
 - Level 2.4 Dodging
 - Level 2.4 Stealth
 + Level 6.5 Spellcasting
 * Level 6.9 Conjurations
 * Level 7.6 Fire Magic
 + Level 1.0 Invocations


You had one spell level left.
You knew the following spells:

 Your Spells              Type           Power      Damage    Failure   Level
a - Foxfire               Conj/Fire      100%       2x1d9     1%          1
b - Scorch                Fire           100%       2d9       1%          2
c - Inner Flame           Hex/Fire       29%        N/A       6%          3
d - Volatile Blastmotes   Fire/Tloc      58%        2d14      6%          3
e - Flame Wave            Conj/Fire      48%        2d12      4%          4
f - Magic Dart            Conj           100%       1d8       1%          1
g - Fireball              Conj/Fire      24%        3d11      14%         5

Your spell library contained the following spells:

 Spells                   Type           Power      Damage    Failure   Level
 Blink                    Tloc           16%        N/A       16%         2
 Call Imp                 Summ           16%        N/A       16%         2
 Iskenderun's Battlesphe  Conj           46%        2d10      16%         5
 Brom's Barrelling Bould  Conj/Erth      27%        2d5       24%         4
 Conjure Ball Lightning   Conj/Air       13%        3x3d6     98%         6
 Orb of Destruction       Conj           23%        9d8       99%         7


Dungeon Overview and Level Annotations

Branches:
Dungeon (6/15)             Temple (1/1) D:4

Altars:
Ashenzari
Cheibriados
Dithmenos
Elyvilon
Fedhas
Gozag
Hepliaklqana
Kikubaaqudgha
Makhleb
Nemelex Xobeh
Okawaru
Qazlal
Ru
Sif Muna
Trog
Uskayaw
Vehumet
Wu Jian
Xom
Yredelemnul
Zin
The Shining One

Annotations:
D:3 1 runed translucent door, blundermoth's ghost, amateur DEHs


Message History

You hear a shout!
The centaur wields a +0 shortbow.
The centaur shoots an arrow.
The arrow hits you!
A bullfrog comes into view.
A wave of flame ripples out!
The centaur shoots an arrow.
The arrow hits you.
A wave of flame ripples out!
The flame wave engulfs the centaur!
The centaur is heavily wounded.
You finish channelling waves of flame.
You hear a shout! x2
The centaur shoots an arrow.
The arrow hits you!
Casting: Flame Wave (dangerous; 5% risk of failure)
Confirm with . or Enter, or press ? or * to list all spells.
Flames lash the centaur.
The centaur is severely wounded.
The centaur's fire resistance burns away.
The centaur shoots an arrow.
The arrow hits you!
* * * LOW HITPOINT WARNING * * *
The centaur shoots an arrow.
The arrow barely misses you.
An orc comes into view. It is wielding a +0 flail.
Casting: Scorch (safe; 1% risk of failure)
Confirm with . or Enter, or press ? or * to list all spells.
Aiming: Magic Dart (safe; 1% risk of failure)
Press: ? - help, Shift-Dir - straight line, f - centaur
Aim: a centaur, wielding a +0 shortbow (severely wounded, more vulnerable to fire, 100% to hit)
The magic dart hits the centaur.
You kill the centaur!
Sif Muna accepts your kill.
Your Invocations skill increases to level 1!
The bullfrog closely misses you.
You climb upwards.
There is a stone staircase leading down here.
Casting: Magic Dart (safe; 1% risk of failure)
Confirm with . or Enter, or press ? or * to list all spells.
Flames lash the bullfrog.
The bullfrog is heavily wounded.
The bullfrog's fire resistance burns away.
The bullfrog hits you.
* * * LOW HITPOINT WARNING * * *
The bullfrog hits you.
You die...

#....# ###############
######.##.## ###############
#..........## ###############
.......##...#
######.ยง....###
............########......###
.).....##.....######...b..###
####+#......#.######......###
####.###....#..F.###....b.###
................@###.b....###
####<....<..####+###......###
#..#.##.##.......[.....###
###..##...............####
#.......##............#
##.########....#....#### ...#
#.......#....# .###
#.......#.#### .#
#.......#'##


You could see a bullfrog (combustible).

Vanquished Creatures
  Sigmund (D:3)
  2 ice beasts
  A centaur (D:6)
  4 scorpions (D:5)
  A howler monkey (D:4)
  3 bombardier beetles
  4 hounds
  Crazy Yiuf (D:2)
  2 jellies (D:5)
  An orc priest (D:3)
  2 orc wizards (D:5)
  2 iguanas (D:4)
  7 adders
  A white imp (D:3)
  A dart slug (D:1)
  11 orcs
  4 endoplasms
  5 giant cockroaches
  12 goblins
  7 hobgoblins
  4 jackals (D:4)
  6 kobolds
  4 quokkas
  7 ball pythons
  6 bats
  4 frilled lizards
  6 rats
109 creatures vanquished.

Vanquished Creatures (others)
  223 foxfires
223 creatures vanquished.

Grand Total: 332 creatures vanquished

Notes
Turn   | Place    | Note
-------+----------+-------------------------------------------
     0 | D:1      | raph the Deep Elf Fire Elementalist began the quest for the
                  | Orb.
     0 | D:1      | Reached XP level 1. HP: 10/10 MP: 6/6
   140 | D:1      | Reached XP level 2. HP: 15/15 MP: 0/8
   317 | D:1      | Learned a level 2 spell: Scorch
   870 | D:2      | Identified the +0 leather armour of Dawn {^Drain Int+4
                  | Slay+2}
  1146 | D:2      | Reached XP level 3. HP: 14/19 MP: 2/9
  1150 | D:2      | Learned a level 3 spell: Inner Flame
  1660 | D:2      | Found a runed translucent door.
  1661 | D:2      | Noticed Crazy Yiuf
  1710 | D:3      | Noticed Sigmund
  1712 | D:3      | Reached skill level 4 in Fire Magic
  1718 | D:3      | Killed Sigmund
  1719 | D:3      | Reached skill level 5 in Fire Magic
  1719 | D:3      | Reached XP level 4. HP: 20/24 MP: 0/12
  1719 | D:3      | Reached XP level 5. HP: 23/28 MP: 0/13
  2115 | D:3      | Learned a level 3 spell: Volatile Blastmotes
  2120 | D:3      | Learned a level 4 spell: Flame Wave
  2158 | D:3      | Reached XP level 6. HP: 29/32 MP: 7/14
  2185 | D:3      | Found a runed translucent door.
  2186 | D:3      | Noticed blundermoth's ghost (amateur DEHs)
  2586 | D:3      | Found a faded altar of an unknown god.
  3792 | D:4      | Found a staircase to the Ecumenical Temple.
  3800 | Temple   | Found a transporter.
  3800 | Temple   | Found a transporter.
  3800 | Temple   | Found a transporter.
  3800 | Temple   | Found a transporter.
  3800 | Temple   | Entered the Ecumenical Temple
  3836 | Temple   | Became a worshipper of Sif Muna the Loreminder
  3884 | D:4      | Reached skill level 5 in Spellcasting
  3886 | D:4      | Learned a level 1 spell: Magic Dart
  4124 | D:4      | Found a broken altar of Ashenzari.
  4128 | D:4      | Found a sacrificial altar of Ru.
  4128 | D:4      | Found a hazy altar of Hepliaklqana.
  4129 | D:4      | Found an ancient bone altar of Kikubaaqudgha.
  4129 | D:4      | Found an opulent altar of Gozag.
  4129 | D:4      | Found a bloodstained altar of Trog.
  4130 | D:4      | Found a shimmering altar of Xom.
  4430 | D:4      | Reached * piety under Sif Muna
  4431 | D:4      | Reached skill level 5 in Conjurations
  4431 | D:4      | Reached skill level 6 in Fire Magic
  4538 | D:5      | Entered Level 5 of the Dungeon
  4587 | D:5      | Noticed an ice beast
  4592 | D:5      | Killed an ice beast
  4593 | D:5      | Reached XP level 7. HP: 36/36 MP: 7/17
  5021 | D:5      | Reached skill level 7 in Fire Magic
  5081 | D:5      | Reached XP level 8. HP: 41/41 MP: 10/19
  5286 | D:5      | Identified a scroll of acquirement
  5286 | D:5      | Acquired a book of the Spheres
  5378 | D:5      | Learned a level 5 spell: Fireball
  5615 | D:2      | Killed Crazy Yiuf
  5751 | D:6      | Reached skill level 1 in Invocations
  5753 | D:5      | Slain by a bullfrog

Illustrated notes

Levels and vault maps discovered:
D:1:      wander_arrival_peaceful_grave, layout_basic
D:2:      layout_loops_ring, uniq_crazy_yiuf_cottage
D:3:      layout_loops_cross, ebering_ghost_reflecting_pool,
          shapermc_ecumenical_altar_flowoftime, uniq_sigmund
D:4:      cheibrodos_greedy_goblins, layout_rooms, grunt_temple_overflow_open,
          temple_statues, st_stairs_1
D:5:      layout_basic, serial_library_hellmonk_junction,
          kennysheep_generic_room_6
D:6:      layout_cave_pools, serial_gnoll_camp, gnoll_camp_mini_doghouse,
          gnoll_camp_mini_hut, gnoll_camp_mini_shop, gnoll_camp_mini_doghouse,
          gnoll_camp_mini_basic, gnoll_camp_medium_01
Temple:   hellmonk_temple_divided_pantheon

Skill      XL: |  1  2  3  4  5  6  7  8 |
---------------+-------------------------+-----
Conjurations   | 2 3 4 5 6 |  6.9
Fire Magic     | 5 6 7 |  7.6
Spellcasting   | 4 5 6 |  6.5
Invocations    | 1 |  1.0
Dodging        | |  2.4
Stealth        | |  2.4

Action                     |  1- 3 |  4- 6 |  7- 9 || total
---------------------------+-------+-------+-------++-------
  Melee: Dagger            |     5 |       |       ||     5
         Rapier            |       |     2 |     8 ||    10
   Cast: Foxfire           |    34 |    74 |    22 ||   130
         Scorch            |    15 |    19 |    20 ||    54
         Inner Flame       |     1 |     1 |       ||     2
         Flame Wave        |       |     4 |     3 ||     7
         Magic Dart        |       |       |     1 ||     1
    Use: Scroll            |       |       |    13 ||    13
 Armour: Robe              |     9 |       |       ||     9
         Leather armour    |     3 |     9 |    15 ||    27
  Dodge: Dodged            |    13 |     6 |    15 ||    34
